 Dungeon Crawl Stone Soup version 0.23-a0-375-g66a18ee (webtiles) character file.

840 BingusPrime the Bolt Thrower (level 7, -6/62 HPs)
             Began as a Deep Dwarf Hunter on Oct 26, 2018.
             Mangled by an orc warrior
             ... wielding a +0 halberd
              (22 damage)
             ... on level 4 of the Dungeon.
             The game lasted 00:14:51 (3438 turns).

BingusPrime the Bolt Thrower (Deep Dwarf Hunter)    Turns: 3438, Time: 00:14:52

Health: -6/62      AC:  6    Str: 15    XL:     7   Next: 67%
Magic:  7/7        EV: 14    Int: 12    God:
Gold:   242        SH:  2    Dex: 15    Spells: 6/6 levels left

rFire    . . .     SeeInvis .   b - +0 short sword
rCold    . . .     Gourm    .   (no shield)
rNeg     . . .     Faith    .   c - +0 leather armour
rPois    .         Spirit   .   (no helmet)
rElec    .         Reflect  +   q - +1 cloak
rCorr    .         Harm     .   j - +0 pair of gloves
MR       +....                  (no boots)
Stlth    ++........             t - +2 amulet of reflection
HPRegen  0.00/turn              (no ring)
MPRegen  0.10/turn              (no ring)

@: non-regenerating
A: damage resistance, heal wounds, sense surroundings 1, no regeneration
a: Heal Wounds


You were on level 4 of the Dungeon.
You were not hungry.

You visited 1 branch of the dungeon, and saw 4 of its levels.
You also visited: Sewer.

You collected 242 gold pieces.

Inventory:

Hand Weapons
 a - a +1 hand crossbow
 b - a +0 short sword (weapon)
 s - a +0 quarterstaff
Armour
 c - a +0 leather armour (worn)
 j - a +0 pair of gloves (worn)
 n - a +0 cloak
 q - a +1 cloak (worn)
Jewellery
 t - a +2 amulet of reflection (around neck)
Scrolls
 k - a scroll of enchant armour {unknown}
 m - a scroll of teleportation {unknown}
 p - a scroll of remove curse {unknown}
 r - a scroll of fear {unknown}
 u - a scroll of immolation {unknown}
 v - a scroll of blinking {unknown}
Potions
 e - 3 potions of lignification {unknown}
 g - a potion of resistance {unknown}
 h - 3 potions of curing
 i - a potion of cancellation {unknown}
 l - 3 potions of heal wounds {unknown}
 o - 2 potions of brilliance {unknown}
Comestibles
 f - 6 rations


   Skills:
 + Level 3.3 Fighting
 + Level 2.4 Short Blades
 + Level 7.5 Crossbows
 + Level 3.2 Armour
 + Level 4.3 Dodging
 + Level 1.9 Stealth


You had 6 spell levels left.
You didn't know any spells.
Your spell library contained the following spells:

 Spells                   Type           Power        Failure   Level  Hunger
 Confusing Touch          Hex            #.....       38%         1    ##.....
 Corona                   Hex            #......      38%         1    ##.....
 Ensorcelled Hibernation  Hex/Ice        #.....       52%         2    ###....
 Confuse                  Hex            #.......     77%         3    ####...
 Dazzling Spray           Conj/Hex       #.....       77%         3    ####...
 Gell's Gravitas          Tloc           #.........   77%         3    ####...
 Tukima's Dance           Hex            #.......     77%         3    ####...
 Petrify                  Tmut/Erth      #.......     99%         4    #####..
 Metabolic Englaciation   Hex/Ice        #.........   100%        5    ######.
 Yara's Violent Unravell  Hex/Tmut       #.........   100%        5    ######.


Dungeon Overview and Level Annotations

Branches:
Dungeon (4/15)
 Temple: D:4-7

Altars:
Ashenzari
Gozag
Nemelex Xobeh
Sif Muna
The Shining One

Annotations:
D:3 2 transporters, RedSky's ghost, amateur DrEE


Innate Abilities, Weirdness & Mutations

You are resistant to damage.
You can heal yourself by infusing magical energy.
You passively map a small area around you.
You do not regenerate.


Message History

Aim: an orc warrior, wielding a +0 halberd and wearing a +0 chain mail You shoot a bolt.
The bolt hits the orc warrior!
The orc warrior is moderately wounded.
The orc warrior barely misses you.
Wield which item (- for none, * to show all)? (? for menu, Esc to quit)
b - a +0 short sword (weapon)
The orc warrior barely misses you.
Things that are here:
a +0 dagger; a +0 robe; an orc corpse You hit the orc warrior but do no damage.
The orc warrior is moderately wounded.
The orc warrior hits you with a +0 halberd!
You closely miss the orc warrior.
The orc warrior is moderately wounded.
The orc warrior hits you with a +0 halberd!!
* * * LOW HITPOINT WARNING * * *
You hit the orc warrior but do no damage.
The orc warrior is moderately wounded.
The orc warrior hits you with a +0 halberd!!
You die...

, , , * * * *
,* , * * * ** ,
,, * *
######### ,
########
#........ *
#oo@)..#
#.####### ,
#.####.# #.# #%
#.# #.# #.
##.## #.#
#.*##...## #.#
,
#o##.....###.#
,
..#.......##.#
* *
*###........†.#
#....[..####


You could see an orc warrior and an orc.

Vanquished Creatures
  Grinder (D:3)
  The ghost of BingusPrime the Sneak, an amateur OpWr of Dithmenos (D:4)
  An ogre (D:4)
  A bullfrog (Sewer)
  A hound (D:4)
  A bullfrog skeleton (D:4)
  An orc wizard (D:4)
  Robin (D:3)
  8 adders
  2 oozes
  2 adder skeletons (D:4)
  An adder zombie (D:4)
  5 worms
  A dart slug (D:4)
  8 leopard geckos
  2 orcs (D:4)
  5 bats
  6 giant cockroaches
  13 goblins
  9 hobgoblins
  9 jackals
  A quokka (D:3)
  4 ball pythons
  12 frilled lizards
  6 kobolds
  4 rats
  A plant (D:2)
107 creatures vanquished.

Notes
Turn   | Place    | Note
-------+----------+-------------------------------------------
     0 | D:1      | BingusPrime the Deep Dwarf Hunter began the quest for the
                  | Orb.
     0 | D:1      | Reached XP level 1. HP: 19/19 MP: 1/1
   138 | D:1      | Reached XP level 2. HP: 26/26 MP: 2/2
   277 | D:1      | Reached skill level 5 in Crossbows
   623 | D:2      | Reached XP level 3. HP: 27/32 MP: 3/3
   680 | D:2      | Found a shattered altar of Ashenzari.
   707 | D:2      | Found a sparkling altar of Nemelex Xobeh.
   820 | D:2      | Reached skill level 1 in Armour
   886 | D:2      | Found an opulent altar of Gozag.
   899 | D:2      | Reached XP level 4. HP: 23/39 MP: 4/4
  1024 | D:2      | Found a deep blue altar of Sif Muna.
  1184 | D:2      | Found a glowing golden altar of the Shining One.
  1790 | D:3      | Noticed Grinder
  1798 | D:3      | Killed Grinder
  1798 | D:3      | Reached skill level 6 in Crossbows
  1798 | D:3      | Reached XP level 5. HP: 16/46 MP: 5/5
  1798 | D:3      | Reached XP level 6. HP: 20/55 MP: 6/6
  1870 | D:3      | Found a transporter.
  1887 | D:3      | Noticed Robin
  1896 | D:3      | Killed Robin
  1896 | D:3      | Reached skill level 7 in Crossbows
  2084 | D:3      | Found a transporter.
  2084 | D:3      | Noticed RedSky's ghost (amateur DrEE)
  2309 | D:3      | Found a glowing drain.
  2325 | Sewer    | Entered a sewer
  3115 | D:4      | Reached skill level 1 in Short Blades
  3159 | D:4      | Found a runed gate.
  3159 | D:4      | Found a runed gate.
  3159 | D:4      | Found a runed gate.
  3165 | D:4      | Noticed BingusPrime's ghost (amateur OpWr)
  3204 | D:4      | Killed BingusPrime's ghost
  3204 | D:4      | Reached XP level 7. HP: 22/62 MP: 7/7
  3438 | D:4      | Mangled by an orc warrior

Vault maps used:
D:1:      lightli_arrival_windingriver
D:2:      tso_oasis_becter, overflow_temple_1_default, lemuel_blue_sif_altar,
          lemuel_coloured_pillars_altar, overflow_temple_1_default,
          first_ration, chequers_serial_rivers_small_b
D:3:      gammafunk_ghost_mausoleum, portal_sewer_entry_a, uniq_robin,
          uniq_grinder
D:4:      gammafunk_ghost_necromancy
Sewer:    sewer_frog_island_01

Skill      XL: |  1  2  3  4  5  6  7 |
---------------+----------------------+-----
Crossbows      | 5 6 7 |  7.5
Fighting       | 2 3 |  3.3
Armour         | 1 2 3 |  3.2
Dodging        | 3 4 |  4.3
Short Blades   | 1 2 |  2.4
Stealth        | |  1.9

Action                   |  1- 3 |  4- 6 |  7- 9 || total
-------------------------+-------+-------+-------++-------
Melee: Short sword       |       |   194 |    53 ||   247
 Fire: Hand crossbow     |    67 |   111 |    10 ||   188
 Abil: Heal Wounds       |       |     2 |     1 ||     3
  Use: Scroll            |       |     1 |     2 ||     3
  Eat: Chunk             |       |     6 |       ||     6
       Ration            |       |     1 |       ||     1
Armor: Leather armour    |     4 |   105 |    18 ||   127
Dodge: Dodged            |    18 |   203 |    28 ||   249
Block: Other             |       |     9 |     2 ||    11

Table legend:
 A = Non-vault XP
 B = Vault XP
 C = Vault XP percentage of total XP
 D = Non-vault monster count
 E = Vault monster count
 F = Vault count percentage of total count
                 A         B        C        D         E       F
            +---------+---------+-------+---------+---------+-------
      Total |     437 |     763 |  63.6 |      70 |      36 |  34.0
            +---------+---------+-------+---------+---------+-------
        D:1 |      30 |       0 |   0.0 |      12 |       0 |   0.0
        D:2 |      96 |       0 |   0.0 |      26 |       0 |   0.0
        D:3 |      85 |     318 |  78.9 |      24 |      12 |  33.3
        D:4 |     226 |     310 |  57.8 |       8 |       4 |  33.3
      Sewer |       0 |     135 | 100.0 |       0 |      20 | 100.0
            +---------+---------+-------+---------+---------+-------
